AoeStats
← timmy_turner

Arabian Desert

509784461Analyzed
1v1 RM · 6d ago on Sep 28, 2026· 34m 19s· 2 players
Game mode
Random Map
Map size
Tiny (2 player)
Population
200
Speed
Normal
Resources
Standard
Victory
Conquest
Starting age
Dark Age
Ending age
Imperial Age
RankedLock teamsTeams togetherTeam positionsShared explorationLock speedFull tech treeHidden civsTurbo modeCheats
Victory
Defeat
🇺🇸 Khitans · United States
1595
+16
🇵🇪 Burgundians · Peru
1600
-16
timmy_turner
6:28 Loom
9:16 Feudal Age
9:49 Arson
9:58 Double-Bit Axe
9:43 Man-at-Arms
12:09 Arson
12:58 Fletching
14:02 Domestication
22:30 Castle Age
21:14 Gold Mining
21:39 Forging
22:08 Scale Barding Armor
23:22 Husbandry
23:50 Bow Saw
28:09 Light Cavalry
33:27 Iron Casting
eroslive20
3:28 Double-Bit Axe
10:13 Horse Collar
10:37 Loom
12:45 Feudal Age
17:21 Castle Age
16:28 Bow Saw
18:49 Wheelbarrow
27:46 Fletching
34:15 Redemption
Connection lost

Rejoining the realm…

Still unreachable

The connection could not be restored.

Session expired

The server has moved on; the page needs a fresh start.